 Dungeon Crawl Stone Soup version 0.30.1-3-gfc49f6343a (webtiles) character file.

Game seed: 9414319393908930328

40 Martska the Chopper (level 3, -4/31 HPs)
             Began as a Minotaur Gladiator on July 20, 2023.
             Slain by Terence
             ... wielding a +3 mace of venom
              (6 damage)
             ... on level 2 of the Dungeon.
             The game lasted 00:01:08 (885 turns).

Martska the Chopper (Minotaur Gladiator)             Turns: 885, Time: 00:01:10

Health: -4/31      AC:  3    Str: 20    XL:     3   Next: 30%
Magic:  2/2        EV: 12    Int:  5    God:
Gold:   105        SH:  0    Dex: 11    Spells: 2/2 levels left

rFire   . . .        a - +0 war axe
rCold   . . .        (no shield)
rNeg    . . .        b - +0 leather armour
rPois   .            c - +0 hat
rElec   .            (no cloak)
rCorr   .            (no gloves)
SInv    .            (no boots)
Will    .....        (no amulet)
Stlth   +            (no ring)
HPRegen 0.25/turn    (no ring)
MPRegen 0.08/turn

%: no passive effects
@: lethally poisoned (-4 -> -15)
A: horns 2, retaliatory headbutt
a: no special abilities


You were on level 2 of the Dungeon.
You visited 1 branch of the dungeon, and saw 2 of its levels.

You collected 105 gold pieces.

Inventory:

Hand Weapons
 a - a +0 war axe (weapon)
Missiles
 d - 3 throwing nets (quivered)
 e - a javelin
Armour
 b - a +0 leather armour (worn)
 c - a +0 hat (worn)
Scrolls
 f - a scroll of enchant weapon {unknown}
 h - 4 scrolls of blinking {unknown}
 i - a scroll of enchant armour {unknown}
 k - a scroll of magic mapping {unknown}
 l - a scroll of teleportation {unknown}
 m - a scroll of fear {unknown}
 o - a scroll of poison {unknown}
Potions
 g - 2 potions of flight {unknown}
 j - 2 potions of resistance {unknown}
 n - a potion of haste {unknown}


   Skills:
 * Level 3.3 Fighting
 * Level 4.2 Axes
 - Level 2.0 Throwing
 * Level 3.9 Dodging


You had 2 spell levels left.
You didn't know any spells.
Your spell library was empty.

Dungeon Overview and Level Annotations

Branches:
Dungeon (2/15)

Altars:

Annotations:
D:2 Terence


Innate Abilities, Weirdness & Mutations

You have a pair of horns on your head.
You reflexively headbutt those who attack you in melee.


Message History

No target in view!
No target in view!
No target in view!
n - an orange potion A quokka comes into view.
A quokka is nearby!
A quokka is nearby!
A quokka is nearby!
You barely miss the quokka. The quokka bites you. x2
You slash the quokka!
You kill the quokka!
No target in view!
HP restored.
o - a scroll labelled QILUAS FAMOA Terence the Incautious comes into view.
He is wielding a +3 mace of venom.
Found a sling.
Terence is nearby!
Found a scroll labelled ONILYUCZIGH.
You hit Terence but do no damage.
Terence says, "Time to say good-bye..."
Terence hits you with a +3 mace of venom!
You are poisoned.
You barely miss Terence. Your headbutt misses Terence.
You feel very sick. Terence closely misses you.
You hit Terence.
Terence is moderately wounded.
You feel very sick.
Terence hits you with a +3 mace of venom.
* * * LOW HITPOINT WARNING * * *
You are lethally poisoned!
Terence closely misses you. You furiously retaliate!
You headbutt Terence, but do no damage. You slash Terence!
Terence is almost dead.
* * * LOW HITPOINT WARNING * * *
You feel very sick.
Terence says, "Don't bother to defend, it's pointless."
Terence hits you with a +3 mace of venom.
You die...

#.... #.#.# ..# .#
#.#.##...#####.
###..............
#......####.....
####....### #..#
#.<....## #..
.......##### #@#
...........# #@# #
.......##..#####.##....
#......##...............
#......#####............
####......#####.#.......
###..####..#......###.).
.##.#..........#### #?
...............##
....####........##


You could see Terence.

Vanquished Creatures
  2 dart slugs (D:1)
  4 bats (D:1)
  5 endoplasms
  A giant cockroach (D:2)
  A goblin (D:1)
  4 hobgoblins
  2 jackals (D:1)
  2 kobolds (D:1)
  2 quokkas
  5 ball pythons (D:1)
  4 rats
32 creatures vanquished.

Notes
Turn   | Place    | Note
-------+----------+-------------------------------------------
     0 | D:1      | Martska the Minotaur Gladiator began the quest for the Orb.
     0 | D:1      | Reached XP level 1. HP: 18/18 MP: 0/0
   110 | D:1      | Reached XP level 2. HP: 23/25 MP: 1/1
   232 | D:1      | Reached skill level 4 in Axes
   528 | D:1      | Reached XP level 3. HP: 22/31 MP: 2/2
   879 | D:2      | Noticed Terence
   885 | D:2      | Slain by Terence

Illustrated notes

Levels and vault maps discovered:
D:1:      minmay_arrival_solitary_statue, layout_loops_ring
D:2:      layout_rooms, ebering_ecumenical_altar_mist, serial_aquarium,
          aquarium_bridge_square [aquarium_subvault_wall,
          aquarium_subvault_bridge, aquarium_subvault_bridge,
          aquarium_subvault_balcony], aquarium_window_fake, aquarium_window_2,
          aquarium_view_2c, aquarium_view_2e, aquarium_pool_double, uniq_robin,
          uniq_terence

Skill      XL: |  1  2 |
---------------+-------+-----
Axes           | 4 |  4.2
Fighting       | 3 |  3.3
Throwing       | |  2.0
Dodging        | |  3.9

Action                     || total
---------------------------++-------
  Melee: War axe           ||    53
         Headbutt          ||     6
   Stab: Sleeping          ||     1
 Armour: Leather armour    ||    10
  Dodge: Dodged            ||    32
